 Dungeon Crawl Stone Soup version 0.27-a0-1188-g73eefd5def (webtiles) character file.

Game seed: 10952094891045180864

353 mordus the Poker (level 6, -7/47 HPs)
             Began as a Demonspawn Fighter on May 21, 2021.
             Mangled by an ogre
             ... wielding a +0 giant club
              (19 damage)
             ... on level 4 of the Dungeon.
             The game lasted 00:07:23 (3480 turns).

mordus the Poker (Demonspawn Fighter)               Turns: 3480, Time: 00:07:23

Health: -7/47      AC: 14    Str: 18    XL:     6   Next: 35%
Magic:  0/6        EV:  5    Int: 10    God:
Gold:   213        SH:  9    Dex: 14    Spells: 5/5 levels left

rFire    . . .     SeeInvis .   a - +0 trident
rCold    . . .     Faith    .   c - +0 kite shield
rNeg     + . .     Spirit   +   t - +0 chain mail
rPois    .         Reflect  .   (no helmet)
rElec    .         Harm     .   q - scarf {shadows}
rCorr    .         Rampage  .   (no gloves)
Will     .....                  g - +0 pair of boots
Stlth    ..........             y - amulet of guardian spirit
HPRegen  0.15/turn              m - +4 ring of protection
MPRegen  0.10/turn              s - ring of positive energy

@: no status effects
A: thin skeletal structure 1, powered by death 2
a: no special abilities


You were on level 4 of the Dungeon.
You visited 1 branch of the dungeon, and saw 4 of its levels.

You collected 213 gold pieces.

Inventory:

Hand Weapons
 a - a +0 trident (weapon)
Armour
 b - a +0 scale mail
 c - a +0 kite shield (worn)
 g - a +0 pair of boots (worn)
 q - a scarf of shadows (worn)
 t - a +0 chain mail (worn)
Jewellery
 m - a +4 ring of protection (left hand)
 s - a ring of positive energy (right hand)
 y - an amulet of guardian spirit (around neck)
Wands
 w - a wand of flame (15)
Scrolls
 e - 3 scrolls of teleportation {unknown}
 f - a scroll of magic mapping {unknown}
 i - 2 scrolls of immolation {unknown}
 j - 4 scrolls of identify {unknown}
 k - 2 scrolls of amnesia {unknown}
 n - a scroll of enchant armour {unknown}
 o - a scroll of vulnerability {unknown}
 p - a scroll of enchant weapon {unknown}
 u - a scroll of noise {unknown}
 A - a scroll of fog {unknown}
Potions
 d - a potion of might
 h - a potion of curing {unknown}
 l - a potion of cancellation {unknown}
 r - a potion of flight {unknown}
 v - a potion of brilliance {unknown}
 x - a potion of lignification {unknown}
 z - 2 potions of heal wounds {unknown}


   Skills:
 - Level 3.0 Fighting
 * Level 4.5 Polearms
 + Level 4.0 Armour
 + Level 3.9 Shields


You had 5 spell levels left.
You didn't know any spells.
Your spell library contained the following spells:

 Spells                   Type           Power      Damage    Failure   Level
 Magic Dart               Conj           0%         1d3       100%        1
 Blink                    Tloc           N/A        N/A       100%        2
 Call Imp                 Summ           0%         N/A       100%        2
 Slow                     Hex            0%         N/A       100%        2
 Conjure Flame            Conj/Fire      0%         6-21      100%        3
 Mephitic Cloud           Conj/Pois/Air  0%         N/A       100%        3


Dungeon Overview and Level Annotations

Branches:
Dungeon (4/15)
 Temple: D:4-7

Altars:
Nemelex Xobeh
Uskayaw
Xom

Shops:
D:1 ?   D:2 =

Annotations:
D:4 1 runed translucent door, Crazy Yiuf


Innate Abilities, Weirdness & Mutations

You have a somewhat thin skeletal structure. (Dex +2, Stealth+)
You regenerate health from kills.


Message History

No target in view!
You open the large door.
There is a large open door here.
An ogre comes into view. It is wielding a +0 giant club.
The ogre shouts!
A goblin comes into view. It is wielding a +0 club.
You barely miss the ogre. You block the ogre's attack.
You completely miss the ogre. The ogre hits you but does no damage.
You hit the ogre.
The ogre is moderately wounded.
You block the ogre's attack.
You puncture the ogre!
The ogre is heavily wounded.
The ogre hits you with a +0 giant club.
You barely miss the ogre.
The ogre is heavily wounded.
The ogre closely misses you.
You hit the ogre.
The ogre is heavily wounded.
The ogre hits you with a +0 giant club.
Your chain mail prevents you from hitting the ogre.
The ogre is heavily wounded.
The ogre hits you with a +0 giant club!!
You barely miss the ogre.
The ogre is heavily wounded.
You block the ogre's attack.
You barely miss the ogre.
The ogre is heavily wounded.
The ogre closely misses you.
You hit the ogre.
The ogre is severely wounded.
You block the ogre's attack.
You hit the ogre.
The ogre is severely wounded.
The ogre hits you with a +0 giant club!
* * * LOW HITPOINT WARNING * * *
You hit the ogre.
The ogre is severely wounded.
The ogre hits you with a +0 giant club!!
You die...

.....#.......
......##...##(
###.#..##...#.
...#.##.....)
..........##. # ♣♣ #
...#.##.... #. g♣♣.#
..###.....##
#.♣♣O♣.##....#.....#
####...@..#...........##
#..###''#####..........#
#...........##..........
#.......................
#..................#.#..
##...#.##..........#.##.
##..#..#...............
#....#.............#..
##.................#.#


You could see an ogre and a goblin.

Vanquished Creatures
  A phantom (D:3)
  2 howler monkeys
  Jessica (D:2)
  An iguana (D:3)
  2 orc wizards
  2 adders
  3 dart slugs
  7 orcs
  A bat (D:1)
  2 endoplasms
  6 giant cockroaches
  7 goblins
  5 hobgoblins
  4 jackals (D:2)
  7 kobolds
  6 quokkas
  6 ball pythons
  2 frilled lizards (D:3)
  3 rats
68 creatures vanquished.

Notes
Turn   | Place    | Note
-------+----------+-------------------------------------------
     0 | D:1      | mordus the Demonspawn Fighter began the quest for the Orb.
     0 | D:1      | Reached XP level 1. HP: 18/18 MP: 1/1
    51 | D:1      | Found Costron's Magic Scroll Shoppe.
    59 | D:1      | Gained mutation: You have a somewhat thin skeletal
                  | structure. (Dex +2, Stealth+) [demonic ancestry]
    59 | D:1      | Reached XP level 2. HP: 19/24 MP: 2/2
   426 | D:1      | Found a faded altar of an unknown god.
   586 | D:2      | Reached XP level 3. HP: 29/29 MP: 3/3
   787 | D:2      | Noticed Jessica
   791 | D:2      | Killed Jessica
   967 | D:2      | Found a hide-covered altar of Uskayaw.
  1062 | D:2      | Found Jareul's Jewellery Emporium.
  1223 | D:3      | Reached XP level 4. HP: 33/35 MP: 4/4
  1914 | D:3      | Found a sparkling altar of Nemelex Xobeh.
  2249 | D:3      | Found a large runed translucent door.
  2250 | D:3      | Found a large runed translucent door.
  2404 | D:3      | Gained mutation: You regenerate a little health from kills.
                  | [demonic ancestry]
  2404 | D:3      | Reached XP level 5. HP: 38/41 MP: 5/5
  2581 | D:3      | Found a shimmering altar of Xom.
  3066 | D:4      | Noticed a phantom
  3106 | D:3      | Killed a phantom
  3107 | D:3      | Gained mutation: You regenerate health from kills. [demonic
                  | ancestry]
  3107 | D:3      | Reached XP level 6. HP: 41/47 MP: 6/6
  3233 | D:4      | Found a runed translucent door.
  3234 | D:4      | Noticed Crazy Yiuf
  3480 | D:4      | Mangled by an ogre

Illustrated notes

Levels and vault maps discovered:
D:1:      dpeg_arrival_fog, layout_basic, serial_shops, shop,
          chequers_ecumenical_altar_lobes
D:2:      layout_basic, serial_shops, shop, basic_altar,
          guppyfry_early_lair_pool, uniq_jessica
D:3:      due_chaos_kobolds, layout_loops_ring, nemelex_spade_bored_becter,
          gup_sewer_entry_pipe
D:4:      layout_cave_pools, kennysheep_generic_room_12, uniq_crazy_yiuf_cottage

Skill      XL: |  1  2  3  4  5  6 |
---------------+-------------------+-----
Polearms       | 2 3 4 |  4.5
Shields        | 3 |  3.9
Armour         | 3 4 |  4.0
Fighting       | |  3.0

Action                   |  1- 3 |  4- 6 || total
-------------------------+-------+-------++-------
Melee: Trident           |    86 |   239 ||   325
 Stab: Sleeping          |     1 |       ||     1
Armor: Scale mail        |    37 |    32 ||    69
       Chain mail        |       |   114 ||   114
Dodge: Dodged            |    27 |    41 ||    68
Block: Kite shield       |    42 |   111 ||   153

Table legend: (Time is in decaauts)
 A = Elapsed time spent in this place.
 B = Non-inter-level travel time spent in this place.
 C = Inter-level travel time spent in this place.
 D = Time resting spent in this place.
 E = Time spent auto-exploring this place.
 F = Levels seen in this place.
 G = Mean time per level.
                   A        B        C        D        E       F      G
               +--------+--------+--------+--------+--------+-----+--------+
         Total |   3611 |   3526 |     85 |    620 |   2101 |   4 |  902.8 |
       Dungeon |   3611 |   3526 |     85 |    620 |   2101 |   4 |  902.8 |
               +--------+--------+--------+--------+--------+-----+--------+

Top non-repeatable levels by time:
     D:3: 1894 daAuts
     D:2: 653 daAuts
     D:1: 573 daAuts
     D:4: 489 daAuts
